 Dungeon Crawl Stone Soup version 0.18.1-2-ga659475 (webtiles) character file.

2005 manyhoops the Chopper (level 9, 0/71 HPs)
             Began as a Demonspawn Gladiator on May 8, 2016.
             Slain by Vidiiot's ghost (4 damage)
             ... in a bailey.
             The game lasted 00:14:13 (6914 turns).

manyhoops the Chopper (Demonspawn Gladiator)        Turns: 6914, Time: 00:14:13

Health: 0/71       AC: 19    Str: 18    XL:     9   Next: 2%
Magic:  0/9        EV:  6    Int: 11    God:
Gold:   218        SH:  0    Dex: 15    Spells: 0 memorised, 8 levels left

rFire  . . .     SeeInvis .     t - +2 hand axe (vamp)
rCold  . . .     Gourm    .     F - +0 plate armour
rNeg   . . .     Faith    .     (no shield)
rPois  .         Spirit   +     c - +2 helmet
rElec  .         Dismiss  .     B - +0 cloak (curse)
rCorr  .         Reflect  .     (no gloves)
SustAt .         Harm     .     (no boots)
MR     .....                    (no amulet)
Stlth  ..........               (no ring)
                                (no ring)

@: heavily drained, not resistant to hostile enchantments, extremely unstealthy
A: yellow scales 2, blink, clever 1, wild magic 1, magic shield, magic
regeneration, rot immunity
a: Blink


You were in a bailey.
You were not hungry.

You visited 2 branches of the dungeon, and saw 9 of its levels.
You also visited: Bailey.

You collected 412 gold pieces.
You spent 194 gold pieces at shops.

Inventory:

Hand Weapons
 a - a +1 war axe
 s - a +2 hand axe of electrocution
 t - a +2 vampiric hand axe (weapon)
 y - a +1 antimagic hand axe
Missiles
 d - 3 throwing nets (quivered)
Armour
 c - a +2 helmet (worn)
 B - a cursed +0 cloak (worn)
 F - a +0 plate armour (worn)
Magical Staves
 m - an uncursed staff of conjuration
Wands
 j - a wand of polymorph (2/24)
 v - a wand of lightning (14/15)
 x - a wand of flame (24/48)
 A - a wand of iceblast (7/15)
 E - a wand of acid (2/15)
Scrolls
 b - a scroll of fear
 e - 2 scrolls of amnesia
 k - a scroll of teleportation
 l - a scroll of noise
 p - 4 scrolls of remove curse
 r - 3 scrolls of recharging
Potions
 g - 3 potions of curing
 q - a potion of cure mutation
 w - a potion of cancellation
 z - 2 potions of heal wounds
 D - a potion of flight
Comestibles
 f - 3 bread rations
 h - 4 meat rations
 n - a royal jelly
 o - 6 fruits


   Skills:
 + Level 6.4(5.1) Fighting
 + Level 7.6(6.2) Axes
 - Level 1.7(0.6) Throwing
 + Level 5.4(4.1) Armour
 - Level 2.6(1.4) Dodging
 - Level 1.5(0.3) Stealth


You had 8 spell levels left.
You didn't know any spells.

Dungeon Overview and Level Annotations

Branches:
Dungeon (8/15)             Temple (1/1) D:4            Lair (0/8) D:8

Altars:
Ashenzari
Cheibriados
Dithmenos
Elyvilon
Fedhas
Gozag
Kikubaaqudgha
Makhleb
Nemelex Xobeh
Pakellas
Qazlal
Ru
Sif Muna
Trog
Vehumet
Yredelemnul
Zin
The Shining One

Shops:
D:4 !   D:5 ?

Annotations:
Bailey Vidiiot's ghost, journeyman DDSu


Innate Abilities, Weirdness & Mutations

You are mostly covered in yellow scales (AC +3).
When hurt, damage is shared between your health and your magic reserves.
You regenerate magic rapidly.
You are immune to rotting.
You can translocate small distances at will.
Your mind is acute. (Int +2)
Your spells are a little harder to cast, but a little more powerful.


Message History

You hit Vidiiot's ghost but do no damage.
Vidiiot's ghost is lightly damaged.
You hit the kobold.
The kobold is moderately wounded.
The kobold closely misses you. Vidiiot's ghost hits you!
* * * LOW HITPOINT WARNING * * *
You feel drained.
* * * LOW HITPOINT WARNING * * *
You are too injured to fight recklessly!
Okay, then.
You hit Vidiiot's ghost but do no damage.
Vidiiot's ghost is lightly damaged.
You hit the kobold.
You kill the kobold!
The kobold throws a tomahawk of returning.
The tomahawk of returning closely misses you.
The weapon returns to the kobold!
Vidiiot's ghost hits you!
* * * LOW HITPOINT WARNING * * *
You feel drained.
You die...

♣≈≈ ♣≈≈#
♣≈≈# ♣≈≈##
♣...##
♣....## .
♣♣...(.#.K..
♣...@g.'....
♣∩.∩W..'....
♣......'....
♣♣.....#....
♣....## ...
♣...## ..
♣≈≈## . ♣≈≈#
♣≈≈#


You could see Vidiiot's ghost, a gnoll and a kobold.

Vanquished Creatures
  Sigmund (D:5)
  Edmund (D:4)
  Duvessa (D:4)
  A black bear (D:6)
  2 eyes of draining (D:3)
  2 ogres
  2 scorpions
  Dowan (D:5)
  2 howler monkeys
  2 crimson imps
  A jelly (D:7)
  6 hounds
  2 orc wizards
  A giant frog skeleton (D:4)
  2 orc priests
  Crazy Yiuf (D:5)
  2 centaur skeletons
  3 iguanas
  A worker ant (D:6)
  Natasha (thrice) (D:3)
  2 hound skeletons (D:4)
  A worker ant zombie (D:6)
  A gnoll (D:2)
  7 adders
  2 adder skeletons
  An adder zombie (D:7)
  2 worms
  6 dart slugs
  8 giant geckos
  16 orcs
  2 ball pythons
  9 bats
  10 giant cockroaches
  9 goblins
  6 hobgoblins
  11 jackals
  16 kobolds
  3 quokkas
  A giant gecko zombie (D:5)
  5 giant newts
  7 rats
162 creatures vanquished.

Notes
Turn   | Place    | Note
--------------------------------------------------------------
     0 | D:1      | manyhoops the Demonspawn Gladiator began the quest for the Orb.
     0 | D:1      | Reached XP level 1. HP: 16/16 MP: 1/1
   163 | D:1      | Reached skill level 3 in Axes
   206 | D:1      | Gained mutation: You are partially covered in yellow scales (AC +2). [demonic ancestry]
   206 | D:1      | Reached XP level 2. HP: 22/22 MP: 2/2
   808 | D:2      | Gained mutation: You are immune to rotting. [demonic ancestry]
   808 | D:2      | Reached XP level 3. HP: 22/28 MP: 3/3
  1367 | D:2      | Reached skill level 1 in Stealth
  1737 | D:2      | Reached XP level 4. HP: 28/34 MP: 4/4
  2142 | D:3      | Reached skill level 1 in Armour
  2144 | D:3      | Found a blossoming altar of Fedhas.
  2250 | D:3      | Reached skill level 4 in Axes
  2327 | D:3      | Found a faded altar to an unknown god.
  2361 | D:3      | Gained mutation: When hurt, damage is shared between your health and your magic reserves. [demonic ancestry]
  2361 | D:3      | Reached XP level 5. HP: 36/41 MP: 5/5
  2488 | D:3      | Noticed Natasha
  2502 | D:3      | Killed Natasha
  2781 | D:3      | Noticed an eye of draining
  2782 | D:3      | Found a bloodstained altar of Trog.
  2782 | D:3      | Noticed an eye of draining
  3133 | D:3      | Killed an eye of draining
  3133 | D:3      | Gained mutation: You regenerate magic rapidly. [demonic ancestry]
  3133 | D:3      | Reached XP level 6. HP: 48/48 MP: 0/6
  3401 | D:3      | Reached skill level 5 in Axes
  3497 | D:3      | Noticed Natasha
  3509 | D:3      | Killed Natasha
  3517 | D:3      | Noticed Natasha
  3523 | D:3      | Killed Natasha
  3563 | D:4      | Reached XP level 7. HP: 33/54 MP: 4/7
  3946 | D:4      | Noticed Edmund
  3959 | D:4      | Killed Edmund
  4102 | D:4      | Found Kump's Distillery.
  4111 | D:4      | Bought 2 potions of heal wounds for 110 gold pieces
  4241 | D:4      | Found a sparkling altar of Nemelex Xobeh.
  4250 | D:4      | Found a glowing silver altar of Zin.
  4251 | D:4      | Found an opulent altar of Gozag.
  4253 | D:4      | Found a glowing golden altar of the Shining One.
  4436 | D:4      | Found an ancient bone altar of Kikubaaqudgha.
  4484 | D:4      | Found a staircase to the Ecumenical Temple.
  4580 | Temple   | Entered the Ecumenical Temple
  4826 | D:5      | Entered Level 5 of the Dungeon
  5034 | D:5      | Noticed Dowan
  5041 | D:5      | Killed Dowan
  5041 | D:5      | Reached skill level 5 in Fighting
  5041 | D:5      | Reached skill level 6 in Axes
  5043 | D:5      | Noticed Duvessa
  5044 | D:5      | Noticed Sigmund
  5079 | D:4      | Killed Duvessa
  5090 | D:5      | Gained mutation: You are mostly covered in yellow scales (AC +3). [demonic ancestry]
  5090 | D:5      | Reached XP level 8. HP: 50/62 MP: 5/8
  5114 | D:5      | Noticed Crazy Yiuf
  5129 | D:5      | Killed Crazy Yiuf
  5231 | D:5      | Found Ecaosueg's Magic Scroll Boutique.
  5239 | D:5      | Bought a scroll of identify for 28 gold pieces
  5239 | D:5      | Bought a scroll of identify for 28 gold pieces
  5239 | D:5      | Bought a scroll of identify for 28 gold pieces
  5241 | D:5      | Gained mutation: Your spells are a little harder to cast, but a little more powerful. [potion of mutation]
  5241 | D:5      | Gained mutation: You can translocate small distances at will. [potion of mutation]
  5241 | D:5      | Gained mutation: Your mind is acute. (Int +2) [potion of mutation]
  5353 | D:5      | Killed Sigmund
  5398 | D:5      | Found a stormy altar of Qazlal.
  5571 | D:5      | Found a basalt altar of Yredelemnul.
  5779 | D:6      | Reached skill level 7 in Axes
  5819 | D:6      | Reached skill level 5 in Armour
  5914 | D:6      | Found a deep blue altar of Sif Muna.
  6119 | D:6      | Found a sacrificial altar of Ru.
  6506 | D:7      | Reached XP level 9. HP: 51/71 MP: 9/9
  6669 | D:7      | Found a shattered altar of Ashenzari.
  6860 | D:8      | Found a flagged portal.
  6873 | Bailey   | Entered a bailey
  6873 | Bailey   | Noticed Vidiiot's ghost (journeyman DDSu)
  6914 | Bailey   | Slain by Vidiiot's ghost

Skill      XL: |  1  2  3  4  5  6  7  8 |
---------------+-------------------------+-----
Axes           | 3 4 5 6 7 |  7.6
Stealth        | 1 |  1.5
Armour         | 1 2 3 5 |  5.4
Fighting       | 3 4 5 6 |  6.4
Throwing       | |  1.7
Dodging        | |  2.6

Action                   |  1- 3 |  4- 6 |  7- 9 || total
-------------------------+-------+-------+-------++-------
Melee: War axe           |   117 |   205 |    56 ||   378
       Hand axe          |       |       |   371 ||   371
Evoke: Wand              |       |       |     1 ||     1
  Use: Potion            |     1 |       |     5 ||     6
       Scroll            |       |    11 |    10 ||    21
 Stab: Sleeping          |     1 |       |     2 ||     3
  Eat: Chunk             |     2 |     6 |    10 ||    18
       Bread ration      |       |       |     1 ||     1
       Fruit             |       |       |     5 ||     5
       Meat ration       |       |       |     1 ||     1
Armor: Leather armour    |    50 |    29 |       ||    79
       Ring mail         |       |    73 |   116 ||   189
       Scale mail        |       |       |    22 ||    22
       Plate armour      |       |       |    40 ||    40
       Skin              |       |       |    27 ||    27
Dodge: Dodged            |    92 |   159 |   227 ||   478
